 Dungeon Crawl Stone Soup version 0.24-a0-189-g5d897e9 (webtiles) character file.

Game seed: 14986424473086949870

43 Ivan the Skirmisher (level 3, -1/33 HPs)
             Began as a Hill Orc Berserker on Mar 16, 2019.
             Was a Follower of Trog.
             Slain by an orc
             ... wielding a +0 short sword
              (3 damage)
             ... on level 2 of the Dungeon.
             The game lasted 00:03:07 (680 turns).

Ivan the Skirmisher (Hill Orc Berserker)             Turns: 680, Time: 00:03:07

Health: -1/33      AC:  6    Str: 20    XL:     3   Next: 58%
Magic:  3/3        EV: 11    Int:  7    God:    Trog [*.....]
Gold:   117        SH:  0    Dex: 10    Spells: 2/2 levels left

rFire    . . .     SeeInvis .   a - +0 spear
rCold    . . .     Gourm    .   (no shield)
rNeg     . . .     Faith    .   h - +0 ring mail
rPois    .         Spirit   .   (no helmet)
rElec    .         Reflect  .   (no cloak)
rCorr    .         Harm     .   (no gloves)
MR       +....                  d - +0 pair of boots
Stlth    ..........             (no amulet)
HPRegen  0.11/turn              l - ring of protection from magic
MPRegen  0.08/turn              (no ring)

@: berserk cooldown, slowed, very slow
A: no striking features
a: Berserk, Renounce Religion, Convert to Beogh


You were on level 2 of the Dungeon.
You worshipped Trog.
Trog was aware of your devotion.
You were not hungry.

You visited 1 branch of the dungeon, and saw 2 of its levels.

You collected 117 gold pieces.

Inventory:

Hand Weapons
 a - a +0 spear (weapon)
Armour
 d - a +0 pair of boots (worn)
 h - a +0 ring mail (worn)
Jewellery
 l - a ring of protection from magic (left hand)
Scrolls
 b - a scroll of remove curse {unknown}
 e - 3 scrolls of magic mapping {unknown}
 f - a scroll of blinking {unknown}
 g - 2 scrolls of teleportation {unknown}
 i - a scroll of fog {unknown}
 j - a scroll of identify {unknown}
 k - a scroll of noise {unknown}
Comestibles
 c - 2 rations


   Skills:
 + Level 4.1 Fighting
 + Level 3.9 Polearms
 * Level 2.7 Armour
 * Level 2.0 Dodging


You had 2 spell levels left.
You didn't know any spells.
Your spell library was empty.

Dungeon Overview and Level Annotations

Branches:
Dungeon (2/15)

Altars:


Message History

The orc priest miscasts a cantrip.
The orc hits you but does no damage. The orc hits you with a +0 short sword.
* * * LOW HITPOINT WARNING * * *
You hit the orc priest but do no damage.
The orc priest barely misses you. The orc closely misses you. x3
The orc priest mumbles some strange prayers to Beogh against you.
Pain shoots through your body!
* * * LOW HITPOINT WARNING * * *
You closely miss the orc priest. The orc hits you but does no damage.
The orc barely misses you.
The orc priest hits you with a +0 flail of protection.
* * * LOW HITPOINT WARNING * * *
The orc hits you but does no damage.
You aren't carrying any potions.
Okay, then.
The orc hits you but does no damage. x2
The orc priest hits you with a +0 flail of protection.
* * * LOW HITPOINT WARNING * * *
The orc hits you with a +0 short sword.
You die...

..# #..######## ..#
#.........###.#
#..........##.####
#..........$#.##.##
####..........⌠#.....##
+.............$#.......
#...oo.....##.#...##
#).@o.....###.##.##
#..#########......#
#.............###.#
#.#..##.#.###.# #.#
#)##.##.#.# #.# #.#
#.##.##.#.# #.# #.#
#.##.##.#.###.###.#
#.......#.........#
.....######.....####


You could see an orc priest and 2 orcs.

Vanquished Creatures
  An orc wizard (D:2)
  2 orcs (D:2)
  2 goblins (D:1)
  A bat (D:1)
  5 kobolds
  3 rats
14 creatures vanquished.

Notes
Turn   | Place    | Note
-------+----------+-------------------------------------------
     0 | D:1      | Ivan the Hill Orc Berserker began the quest for the Orb.
     0 | D:1      | Reached XP level 1. HP: 19/19 MP: 1/1
   248 | D:1      | Reached XP level 2. HP: 26/27 MP: 2/2
   649 | D:2      | Reached skill level 4 in Fighting
   667 | D:2      | Reached XP level 3. HP: 13/33 MP: 3/3
   679 | D:2      | HP: 1/33 [orc priest/+0 flail of protection (2)]
   680 | D:2      | Slain by an orc

Levels and vault maps discovered:
D:1:      tarquinn_simple_flora_water_c, layout_basic
D:2:      cheibrodos_pilgrimage, layout_loops_corners

Skill      XL: |  1  2 |
---------------+-------+-----
Fighting       | 4 |  4.1
Dodging        | 2 |  2.0
Polearms       | |  3.9
Armour         | |  2.7

Action                   || total
-------------------------++-------
Melee: Spear             ||    57
Invok: Berserk           ||     1
Armor: Ring mail         ||    21
       Animal skin       ||     1
Dodge: Dodged            ||    30

Table legend:
 A = Non-vault XP
 B = Vault XP
 C = Vault XP percentage of total XP
 D = Non-vault monster count
 E = Vault monster count
 F = Vault count percentage of total count
                 A         B        C        D         E       F
            +---------+---------+-------+---------+---------+-------
      Total |      16 |      46 |  74.2 |      11 |       3 |  21.4
            +---------+---------+-------+---------+---------+-------
        D:1 |      12 |       0 |   0.0 |       8 |       0 |   0.0
        D:2 |       4 |      46 |  92.0 |       3 |       3 |  50.0
            +---------+---------+-------+---------+---------+-------
